 Dungeon Crawl Stone Soup version 0.28.0 (webtiles) character file.

Game seed: 10094092391613387557

451 lonewolfV2 the Chopper (level 7, -6/60 HPs)
             Began as a Hill Orc Fighter on Feb 9, 2022.
             Killed by nerve-wracking pain
             ... invoked by an orc priest
              (14 damage)
             ... on level 4 of the Dungeon.
             The game lasted 00:08:36 (4473 turns).

lonewolfV2 the Chopper (Hill Orc Fighter)           Turns: 4473, Time: 00:08:37

Health: -6/60      AC:  7    Str: 21    XL:     7   Next: 4%
Magic:  7/7        EV:  9    Int:  8    God:
Gold:   41         SH:  5    Dex: 10    Spells: 6/6 levels left

rFire   + . .      SeeInvis .   j - +3 hand axe (elec)
rCold   + . .      Faith    .   c - +1 buckler
rNeg    . . .      Spirit   .   b - +0 scale mail
rPois   +          Reflect  .   (no helmet)
rElec   +          Harm     .   (no cloak)
rCorr   +          Rampage  .   (no gloves)
Will    .....                   (no boots)
Stlth   ..........              (no amulet)
HPRegen 0.20/turn               (no ring)
MPRegen 0.10/turn               (no ring)

@: mighty, resistant, hasted, very quick
A: no striking features
a: Convert to Beogh


You were on level 4 of the Dungeon.
You visited 1 branch of the dungeon, and saw 4 of its levels.

You collected 41 gold pieces.

Inventory:

Hand Weapons
 a - a +0 war axe
 j - a +3 hand axe of electrocution (weapon)
Armour
 b - a +0 scale mail (worn)
 c - a +1 buckler (worn)
Jewellery
 k - a ring of ice
Wands
 i - a wand of acid (4)
 l - a wand of mindburst (10)
Scrolls
 e - a scroll of enchant armour
 g - a scroll of immolation {unknown}
Potions
 d - 2 potions of might
 f - a potion of flight
 n - a potion of cancellation {unknown}


   Skills:
 + Level 4.8 Fighting
 + Level 7.0 Axes
 + Level 4.8 Armour
 + Level 1.0 Dodging
 + Level 4.0 Shields


You had 6 spell levels left.
You didn't know any spells.
Your spell library contained the following spells:

 Spells                   Type           Power      Damage    Failure   Level
 Hailstorm                Conj/Ice       0%         3d3       100%        4
 Ice Form                 Ice/Tmut       0%         N/A       100%        4
 Simulacrum               Ice/Necr       0%         N/A       100%        6


Dungeon Overview and Level Annotations

Branches:
Dungeon (4/15)
 Temple: D:4-7

Altars:
Xom
The Shining One


Message History

The ball python constricts you. The adder bites you but does no damage.
The ball python's grasp on you weakens, but your attempt to escape fails.
The ball python bites you but does no damage.
The ball python constricts you. The adder bites you.
You escape the ball python's grasp.
You block the adder's attack.
The ball python bites you but does no damage.
The ball python grabs you. The ball python constricts you.
You escape the ball python's grasp.
The adder bites you. You block the ball python's attack.
The ball python barely misses you. The adder bites you but does no damage.
The adder bites you but does no damage. The adder closely misses you.
The ball python bites you. The ball python barely misses you.
The orc jeers loudly.
You feel protected. The adder closely misses you.
You feel yourself speed up. The adder bites you but does no damage.
The orc priest invokes the aid of Beogh against you.
Beogh smites you! The adder bites you but does no damage.
You feel very mighty all of a sudden. You block the orc's attack.
You closely miss the adder. You closely miss the orc.
You block the adder's attack. The orc barely misses you.
The orc priest shouts, "Beogh is our master!
Accept the truth or die!"
You slash the adder!
The adder is almost dead.
You closely miss the orc. The adder closely misses you.
You slash the adder! Lightning courses through the adder!
You kill the adder!
You hit the orc.
You kill the orc!
You slice the ball python!!
Lightning courses through the ball python!!
You kill the ball python!
The orc priest invokes the aid of Beogh against you.
Beogh smites you!
* * * LOW HITPOINT WARNING * * *
Your Axes skill increases to level 7!
The orc priest mumbles some strange prayers to Beogh against you.
Pain shoots through your body!
You die...

..##.....# .≈≈.. .#######.#
≈... ## #.## #..## # #..####
#..## ##.<..# ##. #...#
####.##.. ##..### #....
#....# ###### #..######
##.##.# .....##
###..).@oo###.o...#
####....##...#####oo.#.....##
# #.....).[).)...)......# #
####.########..†....#..# #
##.# ####)...#.... # #..#
#....# ... ## ##.## #....# ..
.## ##..# ##.### ..## #..##
#.#


You could see 2 orc priests and 2 orcs.

Vanquished Creatures
  A water moccasin (D:4)
  2 orc priests (D:4)
  Jessica (D:3)
  An orc wizard (D:4)
  Natasha (thrice) (D:2)
  Robin (D:3)
  5 adders
  A worm (D:2)
  12 orcs
  6 ball pythons
  6 endoplasms
  4 giant cockroaches
  19 goblins
  8 hobgoblins
  2 jackals (D:2)
  4 quokkas
  4 bats
  6 frilled lizards
  7 kobolds
  3 rats
96 creatures vanquished.

Notes
Turn   | Place    | Note
-------+----------+-------------------------------------------
     0 | D:1      | lonewolfV2 the Hill Orc Fighter began the quest for the
                  | Orb.
     0 | D:1      | Reached XP level 1. HP: 19/19 MP: 1/1
     8 | D:1      | Found a faded altar of an unknown god.
   315 | D:1      | Reached XP level 2. HP: 17/27 MP: 2/2
   474 | D:1      | Reached skill level 3 in Axes
  1243 | D:2      | Reached XP level 3. HP: 31/33 MP: 3/3
  1353 | D:2      | Noticed Natasha
  1365 | D:2      | Killed Natasha
  1366 | D:2      | Reached XP level 4. HP: 36/40 MP: 4/4
  1533 | D:2      | Reached skill level 4 in Axes
  1559 | D:2      | Noticed Natasha
  1566 | D:2      | Killed Natasha
  1694 | D:2      | Noticed Natasha
  1702 | D:2      | Killed Natasha
  1923 | D:2      | Reached XP level 5. HP: 41/46 MP: 5/5
  2288 | D:3      | Found a glowing golden altar of the Shining One.
  2433 | D:3      | Noticed Jessica
  2463 | D:3      | Reached skill level 5 in Axes
  2611 | D:3      | Killed Jessica
  2855 | D:3      | Noticed Robin
  2863 | D:3      | Killed Robin
  3198 | D:4      | Noticed a water moccasin
  3212 | D:4      | Killed a water moccasin
  3213 | D:4      | Reached skill level 6 in Axes
  3213 | D:4      | Reached skill level 1 in Dodging
  3213 | D:4      | Reached XP level 6. HP: 13/53 MP: 6/6
  4381 | D:4      | Reached XP level 7. HP: 50/60 MP: 7/7
  4445 | D:4      | Found a shimmering altar of Xom.
  4473 | D:4      | Reached skill level 7 in Axes
  4473 | D:4      | Killed from afar by an orc priest

Illustrated notes

Levels and vault maps discovered:
D:1:      minmay_arrival_nine_rooms, layout_loops_ring,
          hellmonk_ecumenical_altar_run_dry, minmay_misc_feat_rows
D:2:      layout_loops_ring, minmay_misc_feat_plants, minmay_distorted,
          uniq_natasha
D:3:      wad_pebble_path, layout_rooms, tso_oasis_becter,
          minmay_misc_feat_ornament, minmay_misc_feat_tower, uniq_robin,
          uniq_jessica
D:4:      layout_rooms, xom_confusion_cloud, hangedman_decor_lopped,
          uniq_menkaure

Skill      XL: |  1  2  3  4  5  6  7 |
---------------+----------------------+-----
Axes           | 3 4 6 7 |  7.0
Fighting       | 4 |  4.8
Armour         | 4 |  4.8
Dodging        | 1 |  1.0
Shields        | 4 |  4.0

Action                   |  1- 3 |  4- 6 |  7- 9 || total
-------------------------+-------+-------+-------++-------
Melee: War axe           |    75 |   154 |       ||   229
       Hand axe          |       |     7 |     5 ||    12
  Use: Scroll            |     3 |     7 |       ||    10
       Potion            |       |     6 |     3 ||     9
Armor: Scale mail        |    46 |    74 |     8 ||   128
Dodge: Dodged            |    41 |    73 |     7 ||   121
Block: Buckler           |    27 |    48 |     4 ||    79
